Map: Pylon LE

Players

SubN - Winner!

  • Race: Zerg Zerg
  • League: Diamond
  • Spawn Location: 5:00

Trogdor

  • Race: Zerg Zerg
  • League: Diamond
  • Spawn Location: 11:00

VOD

Have the link to the VOD?

Description

Time

  • Played on: July 21, 2025, 6:42 p.m.
  • Length: 3:00
Show
View Real Time Build Order
Export as new Build Order

SubN Zerg - Winner!

Build Orders: Pool First 

Get SALT Encoding   

  12  0:00  Drone  
  13  0:08  Drone  
  14  0:14  Extractor  
  13  0:28  Spawning Pool  
  12  0:56  Hatchery  
  11  1:15  Queen  
  13  1:31  Metabolic Boost  
  13  1:35  Overlord  
  13  1:42  Zergling x2  
  14  1:56  Zergling x2  
  14  1:57  Zergling x2  
  14  2:00  Zergling x2  
  17  2:10  Zergling x4  
  19  2:19  Queen  
  21  2:23  Zergling x2  
  21  2:28  Zergling x2  
Show
View Real Time Build Order
Export as new Build Order

Trogdor Zerg 

Build Orders: Hatch First 

Get SALT Encoding   

  12  0:00  Drone  
  13  0:13  Overlord  
  13  0:17  Drone  
  14  0:34  Drone x2  
  16  0:37  Drone  
  17  0:53  Hatchery  
  17  0:56  Drone  
  17  0:58  Drone  
  18  1:10  Extractor  
  17  1:13  Spawning Pool  
  17  1:14  Drone  
  17  1:18  Drone  
  18  1:29  Drone  
  19  1:41  Overlord  
  20  1:54  Drone  
  20  1:59  Queen  
  22  2:03  Zergling x2  
  22  2:05  Queen  
  25  2:08  Drone  
  25  2:12  Drone  
  27  2:19  Drone  
  28  2:26  Drone  
  29  2:36  Overlord x2  
  28  2:54  Evolution Chamber  
  28  2:56  Roach Warren  
Tags
 
Matchup
ZvZ
Race
Zerg
Replay Pack
Multiplayer
Spawn Locations
Cross Positions
Add a new tag
Caveats
  • Supply blocks, unpowered buildings, or Contaminate may cause inaccurate times.
  • Supply counts are checked every 10 seconds.